AoeStats
← Navix de los Bosques de Lituania

Black Forest

506311526Analyzed
3v3 RM · 18d ago on Sep 13, 2026· 21m 13s· 6 players
Game mode
Random Map
Map size
Normal (6 player)
Population
200
Speed
Normal
Resources
Standard
Victory
Conquest
Starting age
Dark Age
Ending age
Imperial Age
RankedLock teamsTeams togetherTeam positionsShared explorationLock speedFull tech treeHidden civsTurbo modeCheats
Victory
Defeat
🇨🇴 Persians · Colombia
708
+17
678
+18
🇦🇺 Bohemians · Australia
667
+19
🇺🇸 Persians · United States
731
-18
🇺🇸 Franks · United States
728
-18
🇨🇴 Mongols · Colombia
722
-18
Navix de los Bosques de Lituania
5:07 Loom
12:49 Feudal Age
13:36 Arson
13:13 Man-at-Arms
16:15 Long Swordsman
18:00 Forging
17:50 Scale Mail Armor
Derzer
2:46 Loom
10:32 Feudal Age
13:52 Arson
14:25 Man-at-Arms
20:31 Scale Mail Armor
THENEYK
13:03 Feudal Age
18:36 Castle Age
21:17 Double-Bit Axe
CaptSquigglyP_IV
0:59 Loom
14:49 Feudal Age
momoney9964
6:08 Loom
13:54 Feudal Age
15:37 Double-Bit Axe
17:38 Wheelbarrow
21:12 Castle Age
Ingenierofit
0:44 Loom
12:40 Feudal Age
13:34 Town Watch
Connection lost

Rejoining the realm…

Still unreachable

The connection could not be restored.

Session expired

The server has moved on; the page needs a fresh start.